 Zot Defence DCSS version 0.15.2 (webtiles) character file.

4572 greprep the Summoner (level 9, 0/18 (67) HPs)
             Began as a Demigod Summoner on May 1, 2017.
             Killed by vampiric draining
             ... invoked by Crihydu the vampire
              (8 damage)
             ... in the Realm of Zot (Scenario I: Hall of Zot).
             The game lasted 00:35:00 (1985 turns).

greprep the Summoner (Demigod Summoner)             Turns: 1985, Time: 00:35:00

HP   0/18 (67)   AC  2     Str 15      XL: 9   Next: 98%
MP  21/26        EV 14     Int 22      God:
Gold 0           SH  0     Dex 16      Spells:  4 memorised, 12 levels left

rFire  . . .     SeeInvis .     e - +1 dagger (drain)
rCold  . . .     Clarity  .     m - +0 robe
rNeg   . . .     rCorr    .     (no shield)
rPois  .         rRot     .     (no helmet)
rElec  .         Spirit   .     (no cloak)
SustAb .         Warding  .     (no gloves)
rMut   .         Stasis   .     (no boots)
Gourm  .                        (no amulet)
MR     .....                    (no ring)
                                (no ring)

@: not resistant to hostile enchantments, unstealthy
A: no striking features
a: Make oklob sapling, Make arrow trap, Make plant, Remove Curse, Make burning
bush, Make altar, Make grenades, Make oklob plant, Make net trap, Make ice
statue


You were in the Realm of Zot.
You were not hungry.

You visited 1 branch

Inventory:

Hand weapons
 c - a +1 dagger of pain
 e - a +1 dagger of draining (weapon)
 j - a +0 cutlass
Armour
 m - a +0 robe (worn)
Magical devices
 a - a wand of polymorph (3)
Comestibles
 d - a bread ration
Scrolls
 i - a scroll of blinking
 l - a scroll of teleportation {unknown}
Potions
 f - a potion of haste
 g - a potion of magic
 h - a potion of berserk rage
 k - a potion of curing
Books
 b - a book of Callings

   Spells                             Type                      Level
   *Summon Small Mammal               Summoning                    1
   *Call Imp                          Summoning                    2
   *Call Canine Familiar              Summoning                    3
   Summon Guardian Golem              Hexes/Summoning              4
   *Summon Lightning Spire            Summoning/Air                4
   Summon Ice Beast                   Ice/Summoning                4


   Skills:
 + Level 2.1 Fighting
 * Level 4.6 Short Blades
 * Level 4.3 Armour
 + Level 4.1 Dodging
 - Level 1.7 Stealth
 - Level 0.8 Unarmed Combat
 + Level 7.1 Spellcasting
 + Level 8.8 Summonings
 + Level 0.3 Air Magic


You had 12 spell levels left.
You knew the following spells:

 Your Spells              Type           Power        Failure   Level  Hunger
a - Summon Small Mammal   Summ           ####         1%          1    None
b - Call Imp              Summ           #####...     1%          2    None
c - Call Canine Familiar  Summ           #####...     1%          3    #......
d - Summon Lightning Spi  Summ/Air       ####....     14%         4    ###....


Dungeon Overview and Level Annotations

Branches:
    Zot (1/1)


Message History

The bolt of electricity hits the vampire.
Your flesh rots away as the Orb of Zot is desecrated. x2
You see here a club.
Your flesh rots away as the Orb of Zot is desecrated. x2
Your lightning spire shoots out a bolt of electricity!
The bolt of electricity hits your white imp.
The bolt of electricity hits the vampire.
The bolt of electricity hits the wight.
The wight is destroyed!
Your flesh rots away as the Orb of Zot is desecrated. x2
Your white imp closely misses the vampire.
The vampire mumbles some strange words.
The vampire flickers and vanishes!
Your flesh rots away as the Orb of Zot is desecrated. x2
Your white imp barely misses something.
Your flesh rots away as the Orb of Zot is desecrated.
Unholy energy fills the air.
Ouch! That really hurt!
Your white imp barely misses something.
Unholy energy fills the air.
You die...

.P...))### ###%........ ########
########## ...#### ####.....
......### ###........ ........##
##.......... .....)...# ▓▓▓▓▓▓▓▓▓
#...).......
.........▓▓▓.......▓▓▓..)........
.........▓▓.........▓▓.).........
........)▓.)....@....▓[...)......
.........(([.))().58)))...P......
.........▓..).....))(▓...........
.........▓▓......)..▓▓...........
.........▓▓▓...(...▓▓▓...........
.........▓ ▓▓▓▓▓▓▓▓▓ ▓...........
........▓▓ ▓▓.......... ......▓▓▓
▓▓▓........ ...▓▓▓▓ ▓▓▓▓.....


You could see a friendly lightning spire and a friendly white imp.

Vanquished Creatures
  Grum (Zot)
  An ogre (Zot)
  A quasit (Zot)
  A hound (Zot)
  An iguana (Zot)
  A worker ant (Zot)
  A green rat (Zot)
  An ooze (Zot)
  A bat (Zot)
  A kobold (Zot)
  A quokka (Zot)
11 creatures vanquished.

Vanquished Creatures (collateral kills)
  Harold (Zot)
  A centaur skeleton (Zot)
  2 deep elf magi (Zot)
  A slime creature (Zot)
  A vampire (Zot)
  A water moccasin (Zot)
  An orc warrior (Zot)
  2 ogres (Zot)
  A phantom (Zot)
  3 giant frogs (Zot)
  4 big kobolds (Zot)
  A centaur (Zot)
  Duvessa (Zot)
  5 wights (Zot)
  A quasit (Zot)
  10 hounds (Zot)
  2 gnoll shamans (Zot)
  2 orc priests (Zot)
  An orc wizard (Zot)
  An iguana (Zot)
  Jessica (Zot)
  4 sheep (Zot)
  Terence (Zot)
  5 gnolls (Zot)
  A green rat (Zot)
  9 adders (Zot)
  A lightning spire (Zot)
  A giant mite (Zot)
  3 worms (Zot)
  A giant gecko (Zot)
  2 oozes (Zot)
  11 orcs (Zot)
  5 ball pythons (Zot)
  7 giant cockroaches (Zot)
  21 goblins (Zot)
  9 hobgoblins (Zot)
  4 jackals (Zot)
  9 kobolds (Zot)
  4 quokkas (Zot)
  15 bats (Zot)
  A giant spore (Zot)
  9 rats (Zot)
166 creatures vanquished.

Vanquished Creatures (others)
  4 oklob plants (Zot)
  7 oklob saplings (Zot)
  A quasit (Zot)
  A crimson imp (Zot)
  3 hounds (Zot)
  3 iron imps (Zot)
  A lightning spire (Zot)
  6 shadow imps (Zot)
  4 white imps (Zot)
  A bat (Zot)
  4 quokkas (Zot)
  3 rats (Zot)
  8 plants (Zot)
46 creatures vanquished.

Grand Total: 223 creatures vanquished

Notes
Turn   | Place    | Note
--------------------------------------------------------------
     0 | Zot      | greprep, the Demigod Summoner, began the quest for the Orb.
     0 | Zot      | Reached XP level 1. HP: 14/14 MP: 3/3
   247 | Zot      | Noticed Onusaddupp
   283 | Zot      | Reached XP level 2. HP: 4/20 MP: 0/5
   289 | Zot      | Killed Onusaddupp the big kobold
   289 | Zot      | Reached skill level 4 in Summonings
   289 | Zot      | Reached XP level 3. HP: 8/27 MP: 0/8
   289 | Zot      | Reached XP level 4. HP: 10/34 MP: 0/11
   308 | Zot      | Learned a level 2 spell: Call Imp
   318 | Zot      | Learned a level 3 spell: Call Canine Familiar
   342 | Zot      | Noticed Ivaoqite
   371 | Zot      | Killed Ivaoqite the phantom
   371 | Zot      | Reached skill level 1 in Fighting
   371 | Zot      | Reached skill level 5 in Summonings
   371 | Zot      | Reached XP level 5. HP: 16/40 MP: 0/14
   529 | Zot      | Noticed Hulicuyni
   534 | Zot      | Reached XP level 6. HP: 41/47 MP: 4/17
   539 | Zot      | Killed Hulicuyni the water moccasin
   643 | Zot      | Noticed Suila
   655 | Zot      | Killed Suila the deep elf mage
   655 | Zot      | Reached XP level 7. HP: 40/52 MP: 11/20
   740 | Zot      | Noticed Jessica
   746 | Zot      | Killed Jessica
   850 | Zot      | Reached skill level 1 in Short Blades
   850 | Zot      | Reached skill level 1 in Armour
   850 | Zot      | Reached skill level 6 in Summonings
   941 | Zot      | Noticed Duvessa
   955 | Zot      | Killed Duvessa
  1030 | Zot      | Reached XP level 8. HP: 60/60 MP: 22/22
  1056 | Zot      | Reached skill level 5 in Spellcasting
  1141 | Zot      | Noticed Terence
  1157 | Zot      | Killed Terence
  1249 | Zot      | Reached skill level 7 in Summonings
  1368 | Zot      | Learned a level 4 spell: Summon Lightning Spire
  1426 | Zot      | Reached XP level 9. HP: 62/64 MP: 18/25
  1505 | Zot      | Noticed Grum
  1523 | Zot      | Reached skill level 8 in Summonings
  1546 | Zot      | Killed Grum
  1863 | Zot      | Killed Harold
  1985 | Zot      | Killed from afar by Crihydu the vampire

Action                   |  1- 3 |  4- 6 |  7- 9 || total
-------------------------+-------+-------+-------++-------
Melee: Unarmed           |    14 |    12 |       ||    26
       Dagger            |       |       |    45 ||    45
 Cast: Summon Small Mamm |    12 |     1 |       ||    13
       Call Imp          |       |    16 |    29 ||    45
       Call Canine Famil |       |     2 |     2 ||     4
       Summon Lightning  |       |       |     5 ||     5
 Abil: Make oklob saplin |     1 |     5 |     1 ||     7
       Make plant        |       |       |    12 ||    12
       Make oklob plant  |       |       |     5 ||     5
  Use: Potion            |     4 |     1 |       ||     5
 Stab: Distracted        |     2 |       |     2 ||     4
